 Dungeon Crawl Stone Soup version 0.30-a0-373-gd37427bb62 (webtiles) character file.

Game seed: 16281700957497400023

872 freelancePsychic the Trooper (level 8, -2/64 HPs)
             Began as a Formicid Berserker on Nov 24, 2022.
             Was a High Priest of Trog.
             Slain by Menkaure (18 damage)
             ... in an ossuary.
             The game lasted 00:15:48 (4905 turns).

freelancePsychic the Trooper (Formicid Berserker)   Turns: 4905, Time: 00:15:49

Health: -2/64      AC:  7    Str: 23    XL:     8   Next: 24%
Magic:  8/8        EV: 16    Int:  6    God:    Trog [*****.]
Gold:   301        SH:  0    Dex: 13    Spells: 7/7 levels left

rFire   . . .      SeeInvis +    b - +0 quarterstaff (flame)
rCold   . . .      Faith    +    (no shield)
rNeg    + . .      Spirit   .    p - +2 leather armour of Ysairum {rN+ Int-2 SInv Stlth+}
rPois   .          Reflect  .    (helmet unavailable)
rElec   .          Harm     .    e - +0 cloak
rCorr   .          Rampage  .    (no gloves)
Will    ++...                    r - +0 pair of boots
Stlth   ++........               k - amulet of faith
HPRegen 1.30/turn                v - +4 ring of evasion
MPRegen 0.11/turn                (no ring)

@: strong-willed, regenerating
A: permanent stasis, dig shafts and tunnels, antennae 3, four strong arms
a: Dig, Renounce Religion, Trog's Hand, Brothers in Arms


You were in an ossuary.
You worshipped Trog.
Trog was extremely pleased with you.
You visited 1 branch of the dungeon, and saw 6 of its levels.
You also visited: Ossuary.

You collected 301 gold pieces.

Inventory:

Hand Weapons
 b - a +0 quarterstaff of flaming (weapon)
Missiles
 f - 6 poisoned darts (quivered)
 j - 3 boomerangs
Armour
 e - a +0 cloak (worn)
 p - the +2 leather armour of Ysairum (worn) {rN+ Int-2 SInv Stlth+}
   (You found it on level 4 of the Dungeon)

   Int:       It affects your intelligence (-2).
   rN:        It protects you from negative energy.
   SInv:      It lets you see invisible.
   Stlth:     It makes you more stealthy.
 r - a +0 pair of boots (worn)
Jewellery
 k - an amulet of faith (around neck)
 v - a +4 ring of evasion (left hand)
Wands
 c - a wand of charming (1)
 n - a wand of digging (2)
 t - a wand of mindburst (9)
Scrolls
 m - 2 scrolls of butterflies
 o - a scroll of enchant weapon
Potions
 a - 2 potions of cancellation {unknown}
 d - a potion of mutation
 g - a potion of magic {unknown}
 h - 2 potions of brilliance {unknown}
 i - a potion of heal wounds {unknown}
 l - 5 potions of curing {unknown}
 q - a potion of attraction {unknown}
 s - 5 potions of haste {unknown}
 u - a potion of berserk rage {unknown}
 w - a potion of flight {unknown}
 x - 2 potions of degeneration {unknown}


   Skills:
 + Level 5.6 Fighting
 - Level 3.4(5.0) Polearms
 * Level 5.5(6.0) Staves
 - Level 3.0 Throwing
 - Level 2.1 Armour
 - Level 1.7 Dodging
 + Level 3.5 Evocations


You had 7 spell levels left.
You didn't know any spells.
Your spell library was empty.

Dungeon Overview and Level Annotations

Branches:
Dungeon (6/15)            Ossuary (1/1)
 Temple: D:4-7

Altars:
Dithmenos
Hepliaklqana
Xom

Portals:
Abyss: D:4

Annotations:
D:2 Natasha
D:4 2 transporters, GiantSquids's ghost, amateur FoFi
D:5 exclusion: water moccasin Ossuary Menkaure


Innate Abilities, Weirdness & Mutations

You cannot be hasted, slowed, berserked, paralysed or teleported.
You can dig through walls and to a lower floor.
You have a pair of large antennae on your head. (SInv)
Your four strong arms can wield two-handed weapons with a shield.


Message History

The hobgoblin zombie is moderately damaged.
The hobgoblin skeleton barely misses you.
The hobgoblin zombie completely misses you.
You sock the hobgoblin zombie! You burn the hobgoblin zombie.
You destroy the hobgoblin zombie!
Trog accepts your kill.
The sentinel's mark upon you fades away.
The hobgoblin skeleton hits you.
You thump the rat skeleton! You burn the rat skeleton.
You destroy the rat skeleton!
Trog accepts your kill.
A rat skeleton comes into view.
The hobgoblin skeleton misses you.
You sock the gnoll zombie! You burn the gnoll zombie.
The gnoll zombie is almost destroyed.
You hit the gnoll zombie but do no damage.
The gnoll zombie is almost destroyed.
The gnoll zombie misses you. The hobgoblin skeleton misses you.
Menkaure calls on the powers of darkness!
Your body is wracked with pain!
An orc zombie comes into view.
You barely miss the gnoll zombie.
The gnoll zombie is almost destroyed.
The gnoll zombie hits you.
The hobgoblin skeleton closely misses you.
Menkaure gestures wildly while chanting.
Menkaure seems to speed up.
You thump the gnoll zombie! You burn the gnoll zombie.
You destroy the gnoll zombie!
Trog accepts your kill. The hobgoblin skeleton misses you.
You thump Menkaure! You burn Menkaure.
Menkaure is heavily damaged.
Menkaure hits you!!
* * * LOW HITPOINT WARNING * * *
The hobgoblin skeleton completely misses you.
You hit Menkaure but do no damage.
Menkaure is heavily damaged.
Menkaure barely misses you. Menkaure hits you!!
You die...

##..##..##.^##..##
##..##..####..##..##
##..##..######.^##..##
##..##..##....##..##..#
##..##..##..##..##..##..
##..##..##..####..##..##.
##..##.^##..## ##..##..##
##..##..##..## ##..##..#
##..##..##Z@## ##..##..
##..##..##ZM## ##.^##.
##..##..##ZZ# { ##..##
##..##..##..# ##.^# ##..##..##..#
##.. ##..##..##... ##.
#..##..##########################
..##.............................
.################################


You could see Menkaure (fast), a kobold zombie, an orc zombie, a rat skeleton
and a hobgoblin skeleton.

Vanquished Creatures
  Duvessa (D:4)
  A water moccasin (D:5)
  An ogre (D:4)
  A phantom (D:5)
  Dowan (D:5)
  2 jellies
  2 hounds
  2 iguanas
  3 mummies (Ossuary)
  6 adders
  An ufetubus (D:4)
  3 worms
  A dart slug (D:2)
  6 orcs
  5 endoplasms
  7 giant cockroaches
  10 goblins
  5 hobgoblins
  2 quokkas
  5 ball pythons
  5 bats
  6 frilled lizards
  7 gnoll skeletons (Ossuary)
  2 gnoll zombies (Ossuary)
  3 goblin skeletons (Ossuary)
  4 goblin zombies (Ossuary)
  6 hobgoblin skeletons (Ossuary)
  5 hobgoblin zombies (Ossuary)
  9 kobolds
  2 kobold skeletons (Ossuary)
  6 kobold zombies (Ossuary)
  2 orc skeletons (Ossuary)
  3 orc zombies (Ossuary)
  3 rats (D:2)
  3 rat skeletons (Ossuary)
  3 rat zombies (Ossuary)
134 creatures vanquished.

Vanquished Creatures (collateral kills)
  An ogre (D:5)
1 creature vanquished.

Vanquished Creatures (others)
  9 plants (D:2)
9 creatures vanquished.

Grand Total: 144 creatures vanquished

Notes
Turn   | Place    | Note
-------+----------+-------------------------------------------
     0 | D:1      | freelancePsychic the Formicid Berserker began the quest for
                  | the Orb.
     0 | D:1      | Reached XP level 1. HP: 18/18 MP: 1/1
   157 | D:1      | Reached XP level 2. HP: 24/24 MP: 2/2
   351 | D:1      | Reached skill level 1 in Throwing
   557 | D:2      | Found a faded altar of an unknown god.
   581 | D:2      | Reached XP level 3. HP: 29/29 MP: 3/3
   600 | D:2      | Noticed Natasha
   785 | D:2      | Reached ** piety under Trog
  1197 | D:2      | Reached XP level 4. HP: 36/37 MP: 4/4
  1712 | D:3      | Reached skill level 1 in Staves
  2876 | D:3      | Reached XP level 5. HP: 36/42 MP: 5/5
  3062 | D:4      | Reached *** piety under Trog
  3119 | D:4      | Found a one-way gate to the infinite horrors of the Abyss.
  3119 | D:4      | Noticed GiantSquids's ghost (amateur FoFi)
  3119 | D:4      | Noticed a small abomination
  3159 | D:4      | Found a transporter.
  3191 | D:4      | Found a transporter.
  3194 | D:4      | Noticed a kobold brigand
  3203 | D:4      | Found a hazy altar of Hepliaklqana.
  3203 | D:4      | Found a shadowy altar of Dithmenos.
  3205 | D:4      | Noticed a shadow
  3419 | D:4      | Noticed an ogre
  3526 | D:4      | Identified the +2 leather armour of Ysairum {rN+ Int-2 SInv
                  | Stlth+}
  3607 | D:4      | Reached skill level 1 in Evocations
  3607 | D:4      | Reached XP level 6. HP: 25/49 MP: 6/6
  3729 | D:4      | Killed an ogre
  3815 | D:5      | Entered Level 5 of the Dungeon
  3869 | D:5      | Reached XP level 7. HP: 55/55 MP: 7/7
  4017 | D:5      | Noticed Dowan
  4028 | D:5      | Killed Dowan
  4029 | D:5      | Reached skill level 5 in Fighting
  4053 | D:5      | Found a shimmering altar of Xom.
  4133 | D:5      | Noticed a water moccasin
  4179 | D:5      | Noticed Duvessa
  4188 | D:5      | Reached skill level 5 in Staves
  4209 | D:4      | Killed Duvessa
  4210 | D:4      | Reached XP level 8. HP: 57/63 MP: 8/8
  4523 | D:6      | Found a sand-covered staircase.
  4532 | Ossuary  | Entered an ossuary
  4569 | Ossuary  | Reached **** piety under Trog
  4839 | Ossuary  | Reached ***** piety under Trog
  4893 | Ossuary  | Noticed Menkaure
  4905 | Ossuary  | Slain by Menkaure

Illustrated notes

Levels and vault maps discovered:
D:1:      minmay_arrival_radiant_lines, layout_basic, interstate_on_off,
          st_stairs_7
D:2:      layout_basic, basic_ecumenical_altar, kennysheep_nondescript,
          lexackson_kobold_supper, uniq_natasha
D:3:      layout_loops_corners
D:4:      layout_gridville, riverfiend_overflow_shadow_ancestor,
          gammafunk_ghost_abyssal_escape
D:5:      layout_cave_pools, mainiacjoe_overflow_brackets, uniq_duvessa
D:6:      layout_cave_pools, overflow_temple_1_default,
          nicolae_elyvilon_peaceful_grove, enter_ossuary_1,
          kennysheep_generic_room_4
Ossuary:  ossuary_due_pyramid

Skill      XL: |  1  2  3  4  5  6  7 |
---------------+----------------------+-----
Throwing       | 1 2 3 |  3.0
Staves         | 1 3 5 |  5.5
Fighting       | 4 5 |  5.6
Evocations     | 1 3 |  3.5
Polearms       | |  3.4
Armour         | |  2.1
Dodging        | |  1.7

Action                   |  1- 3 |  4- 6 |  7- 9 || total
-------------------------+-------+-------+-------++-------
Melee: Spear             |    83 |       |       ||    83
       Punch             |     1 |     1 |     4 ||     6
       Quarterstaff      |    23 |   109 |   152 ||   284
Throw: Dart              |     3 |    10 |       ||    13
Invok: Trog's Hand       |       |     1 |     1 ||     2
Evoke: Wand              |       |       |     6 ||     6
  Use: Scroll            |     1 |     9 |     1 ||    11
 Stab: Sleeping          |     2 |       |     2 ||     4
       Distracted        |       |       |     1 ||     1
Armor: Animal skin       |    16 |     6 |       ||    22
       Scale mail        |       |    24 |       ||    24
       Leather armour    |       |    20 |    27 ||    47
Dodge: Dodged            |    49 |   116 |    77 ||   242

Table legend: (Time is in decaauts)
 A = Elapsed time spent in this place.
 B = Non-inter-level travel time spent in this place.
 C = Inter-level travel time spent in this place.
 D = Time resting spent in this place.
 E = Time spent auto-exploring this place.
 F = Levels seen in this place.
 G = Mean time per level.
                   A        B        C        D        E       F      G
               +--------+--------+--------+--------+--------+-----+--------+
         Total |   4922 |   4583 |    339 |    112 |   3314 |   7 |  703.1 |
       Dungeon |   4549 |   4210 |    339 |     89 |   3214 |   6 |  758.2 |
       Ossuary |    373 |    373 |      0 |     23 |    100 |   1 |  373.0 |
               +--------+--------+--------+--------+--------+-----+--------+

Top non-repeatable levels by time:
     D:3: 1182 daAuts
     D:2: 1094 daAuts
     D:4: 1053 daAuts
     D:5: 613 daAuts
     D:1: 570 daAuts
 Ossuary: 373 daAuts
     D:6: 35 daAuts
